 Dungeon Crawl Stone Soup version 0.30-b1-2-g02819fbbbe (webtiles) character file.

Game seed: 17545558812402851529

4793 sanka the Severer (level 10, -3/94 HPs)
             Began as a Hill Orc Gladiator on May 21, 2023.
             Was an Elder of the Shining One.
             Killed from afar by an orc wizard (13 damage)
             ... with a puff of flame
             ... on level 10 of the Dungeon.
             The game lasted 00:12:11 (8594 turns).

sanka the Severer (Hill Orc Gladiator)              Turns: 8594, Time: 00:12:12

Health: -3/94      AC:  8    Str: 28    XL:     10   Next: 48%
Magic:  10/10      EV: 11    Int:  8    God:    the Shining One [****..]
Gold:   516        SH:  0    Dex: 12    Spells: 9/9 levels left

rFire   . . .        a - +0 war axe (elec)
rCold   . . .        (no shield)
rNeg    + + .        l - +0 scale mail
rPois   .            c - +0 helmet
rElec   .            (no cloak)
rCorr   .            (no gloves)
SInv    .            J - +0 pair of boots
Will    .....        (no amulet) Stlth
                     n - +6 ring of strength
HPRegen 0.35/turn    t - +4 ring of slaying
MPRegen 0.12/turn

%: no passive effects
@: lethally poisoned (-3 -> -11), glowing
A: no striking features
a: Renounce Religion, Divine Shield, Cleansing Flame


You were on level 10 of the Dungeon.
You worshipped the Shining One.
The Shining One was greatly pleased with you.
You visited 1 branch of the dungeon, and saw 10 of its levels.
You also visited: Sewer and Ossuary.

You collected 516 gold pieces.

Inventory:

Hand Weapons
 a - a +0 war axe of electrocution (weapon)
 s - a +2 whip of electrocution
 T - the +6 trident of Satyriasis {speed, rF+ rC+ Stlth+}
   (You found it on level 9 of the Dungeon)

   rF:        It protects you from fire.
   rC:        It protects you from cold.
   Stlth:     It makes you more stealthy.
Missiles
 d - a throwing net {=f}
 e - a javelin
 F - 20 poisoned darts
 Q - 3 silver javelins
 U - a curare-tipped dart (quivered) {=f}
Armour
 b - a +0 leather armour
 c - a +0 helmet (worn)
 l - a +0 scale mail (worn)
 J - a +0 pair of boots (worn)
 P - +0 steam dragon scales
Jewellery
 n - a +6 ring of strength (left hand)
 t - a +4 ring of slaying (right hand)
 L - the ring "Odae" {rPois Dex+6}
   (You found it on level 7 of the Dungeon)

   [ring of dexterity]

   Dex:       It affects your dexterity (+6).
   rPois:     It protects you from poison.
Wands
 v - a wand of flame (40)
 N - a wand of digging (9)
Scrolls
 f - a scroll of noise {!r}
 g - 3 scrolls of teleportation {@r4}
 h - a scroll of torment {!r}
 o - 3 scrolls of amnesia
 q - a scroll of brand weapon {unknown}
 u - a scroll of summoning
 w - 3 scrolls of vulnerability {!r}
 y - 2 scrolls of immolation {!r}
 A - 2 scrolls of magic mapping {unknown}
 B - 3 scrolls of blinking
 C - a scroll of fear {unknown}
 K - a scroll of enchant armour {unknown}
 M - a scroll of poison {unknown}
 O - 2 scrolls of identify {@r1}
 R - a scroll of silence {unknown}
Potions
 i - 4 potions of mutation {unknown}
 j - 5 potions of attraction {unknown}
 k - 2 potions of might {unknown}
 m - 3 potions of brilliance {unknown}
 p - 5 potions of curing {@q1}
 r - 3 potions of ambrosia {unknown}
 x - 6 potions of haste {unknown}
 z - 2 potions of magic {unknown}
 D - a potion of lignification {unknown}
 E - a potion of invisibility {unknown}
 G - 3 potions of flight
 H - 2 potions of degeneration {unknown}
 I - a potion of heal wounds {unknown}
 S - a potion of cancellation {unknown}


   Skills:
 + Level 10.7 Fighting
 * Level 15.9 Axes
 - Level 2.2 Throwing
 - Level 2.7 Dodging


You had 9 spell levels left.
You didn't know any spells.
Your spell library contained the following spells:

 Spells                   Type           Power      Damage    Failure   Level
 Passwall                 Tmut/Erth      0%         N/A       83%         2
 Dazzling Flash           Conj/Hex       0%         N/A       96%         3
 Inner Flame              Hex/Fire       0%         N/A       96%         3
 Portal Projectile        Hex/Tloc       0%         N/A       96%         3
 Tukima's Dance           Hex            0%         N/A       96%         3
 Volatile Blastmotes      Fire/Tloc      0%         2d10      96%         3
 Animate Armour           Summ/Erth      0%         N/A       100%        4
 Iskenderun's Mystic Bla  Conj/Tloc      0%         2d3       100%        4
 Petrify                  Tmut/Erth      0%         N/A       100%        4
 Summon Lightning Spire   Summ/Air       0%         N/A       100%        4
 Blade Hands              Tmut           0%         N/A       100%        5
 Iron Shot                Conj/Erth      0%         9d1       100%        6
 Starburst                Conj/Fire      0%         6d3       100%        6
 Storm Form               Tmut/Air       0%         N/A       100%        7
 Maxwell's Capacitive Co  Air            0%         ∞         100%        8


Dungeon Overview and Level Annotations

Branches:
Dungeon (10/15)            Temple (0/1) D:6            Lair (0/5) D:8
  Sewer (visited)         Ossuary (visited)
    Orc: D:9-12

Altars:
Elyvilon
Sif Muna
The Shining One

Annotations:
D:3 3 runed translucent doors, rigao's ghost, amateur DESu


Message History

The killer bee poisons you! The killer bee barely misses you.
The killer bee closely misses you. The killer bee stings you.
* * * LOW HITPOINT WARNING * * *
The killer bee barely misses you.
Unknown command.
Unknown command.
You feel better.
Your surroundings suddenly seem different. 2 orc wizards and a kobold brigand come into view.
The kobold brigand is wielding a +0 short sword and quivering poisoned darts.
Found a scroll labelled ICVACS CUC POU.
Found a stone staircase leading down.
The orc wizard shouts! x2; You hear a shout! x2
A kobold comes into view. It is wielding a +0 short sword.
A kobold comes into view. It is wielding a +0 dagger.
A kobold comes into view. It is wielding a +0 short sword.
A kobold comes into view. It is wielding a +0 dagger.
Unknown command.
The kobold shouts! x2
You hit the orc wizard.
The orc wizard is lightly wounded.
You slash the orc wizard!
A kobold comes into view. It is wielding a +0 dagger.
The orc wizard closely misses you. The orc wizard casts a spell at you.
You easily resist.
The kobold throws a stone.
The stone closely misses you.
An orc warrior comes into view. It is wielding a +0 trident.
The orc warrior shouts!
The kobold shouts!
You hear a shout!
A kobold comes into view. It is wielding a +0 short sword.
The kobold brigand throws a poisoned dart.
The poisoned dart hits you!
You are poisoned.
Unknown command.
Okay, then.
As you read the scroll of summoning, it crumbles to dust.
Wisps of shadow whirl around you...
* * * LOW HITPOINT WARNING * * *
You feel very sick.
The orc wizard gestures at you while chanting.
The puff of flame hits you!
You die...

#..## #.○<...#.y#
. #. #..☼zK...#
#.## #).R....##
#...#####)y....##
......>oo......#
#.................
.......c..###..###
......Tooy#..o.#
........@o..#.##
.....o.?..###
......y...#
...KK.y...#
...KKy.yy.?
...K.......#
.KK........#
...........


You could see a skeletal warrior, an efreet, a hornet, an orc warrior, a kobold
brigand, 2 orc wizards, 7 kobolds, a friendly troll (summoned), a friendly orc
warrior (summoned), a friendly centaur (summoned), 6 friendly killer bees, a
friendly orc wizard (summoned) and 2 friendly orcs.

Vanquished Creatures
  A two-headed ogre (D:9)
  Grinder (D:3)
  Prince Ribbit (D:8)
  Sigmund (D:2)
  A wyvern (D:9)
  Eustachio (D:4)
  3 steam dragons
  An ice beast (D:7)
  2 sky beasts
  A black bear (D:4)
  5 ogres
  A centaur (D:8)
  3 kobold brigands
  2 phantoms
  4 scorpions
  Blork the orc (D:5)
  2 elf zombies (Ossuary)
  3 bullfrogs
  4 wights (D:7)
  2 howler monkeys
  A human zombie (Ossuary)
  3 jellies
  3 hounds
  An orc priest (D:5)
  2 gnoll boudas
  3 iguanas
  Jessica (D:3)
  A sleepcap (D:8)
  Ijyb (D:3)
  3 orc wizards
  Natasha (thrice) (D:4)
  4 mummies (Ossuary)
  7 gnolls
  4 adders
  A shadow imp (D:8)
  A white imp (D:8)
  An adder zombie (Ossuary)
  2 worms (D:4)
  6 dart slugs
  14 orcs
  7 ball pythons
  8 endoplasms
  A giant cockroach (D:3)
  A gnoll zombie (Ossuary)
  8 goblins
  4 hobgoblins
  6 quokkas
  3 bats
  4 frilled lizards
  2 goblin zombies (Ossuary)
  2 jackal zombies (Ossuary)
  22 kobolds
  A kobold zombie (Ossuary)
  An orc zombie (Ossuary)
  4 rats
  A rat zombie (Ossuary)
177 creatures vanquished.

Notes
Turn   | Place    | Note
-------+----------+-------------------------------------------
     0 | D:1      | sanka the Hill Orc Gladiator began the quest for the Orb.
     0 | D:1      | Reached XP level 1. HP: 18/18 MP: 1/1
   231 | D:1      | Reached XP level 2. HP: 24/25 MP: 2/2
   324 | D:1      | Found a faded altar of an unknown god.
   335 | D:1      | Prayed at the altar of an unknown god.
   335 | D:1      | Became a worshipper of the Shining One
   335 | D:1      | Reached * piety under the Shining One
  1018 | D:2      | Reached XP level 3. HP: 30/30 MP: 3/3
  1326 | D:2      | Noticed Sigmund
  1409 | D:2      | Killed Sigmund
  1410 | D:2      | Reached skill level 6 in Axes
  1410 | D:2      | Reached XP level 4. HP: 40/40 MP: 4/4
  1410 | D:2      | Reached XP level 5. HP: 46/46 MP: 5/5
  1727 | D:3      | Reached XP level 6. HP: 49/53 MP: 6/6
  1792 | D:3      | Reached skill level 7 in Axes
  1832 | D:3      | Found a glowing golden altar of the Shining One.
  1867 | D:3      | Noticed Grinder
  1882 | D:3      | Paralysed by Grinder for 5 turns
  1889 | D:3      | Killed Grinder
  1890 | D:3      | Reached skill level 5 in Fighting
  1890 | D:3      | Reached skill level 8 in Axes
  1890 | D:3      | Reached XP level 7. HP: 58/61 MP: 7/7
  2038 | D:3      | Noticed rigao's ghost (amateur DESu)
  2039 | D:3      | Noticed a steam dragon
  2207 | D:3      | Found a runed translucent gate.
  2207 | D:3      | Found a runed translucent gate.
  2210 | D:3      | Found a runed translucent gate.
  2232 | D:3      | Noticed Ijyb
  2239 | D:3      | Killed Ijyb
  2339 | D:3      | Noticed Jessica
  2343 | D:3      | Killed Jessica
  2368 | D:3      | Found a shimmering blue altar of Sif Muna.
  2457 | D:4      | Noticed Eustachio
  2457 | D:4      | Reached ** piety under the Shining One
  2470 | D:4      | Killed Eustachio
  2471 | D:4      | Reached skill level 9 in Axes
  2472 | D:4      | Found a sand-covered staircase.
  2482 | Ossuary  | Entered an ossuary
  2512 | Ossuary  | Reached *** piety under the Shining One
  2567 | Ossuary  | Reached XP level 8. HP: 60/71 MP: 8/8
  2667 | D:4      | Noticed Natasha
  2670 | D:4      | Killed Natasha
  2724 | D:4      | Noticed Natasha
  2730 | D:4      | Killed Natasha
  2731 | D:4      | Reached skill level 10 in Axes
  2844 | D:4      | Found a white marble altar of Elyvilon.
  3009 | D:4      | Found a glowing drain.
  3041 | Sewer    | Entered a sewer
  3108 | Sewer    | Reached skill level 11 in Axes
  3215 | Sewer    | Found a white marble altar of Elyvilon.
  3364 | D:4      | Noticed Natasha
  3372 | D:4      | Killed Natasha
  3564 | D:5      | Entered Level 5 of the Dungeon
  3963 | D:5      | Reached skill level 12 in Axes
  3967 | D:5      | Reached XP level 9. HP: 81/81 MP: 9/9
  4136 | D:5      | You fall into a shaft and drop 1 floor!
  4365 | D:5      | Noticed Blork the orc
  4370 | D:5      | Killed Blork the orc
  4637 | D:6      | Found a staircase to the Ecumenical Temple.
  5032 | D:6      | Reached skill level 13 in Axes
  6148 | D:7      | Identified the ring "Odae" {rPois Dex+6}
  6193 | D:7      | Reached **** piety under the Shining One
  6202 | D:7      | Reached skill level 14 in Axes
  6687 | D:8      | Identified the +0 robe of Yqatwep {Will- Dex+3 Slay+3
                  | Stlth+}
  6757 | D:8      | Reached XP level 10. HP: 82/93 MP: 10/10
  6859 | D:8      | Got Digiod's Encyclopedia of Maledictive Earth
  7043 | D:8      | Noticed Prince Ribbit
  7052 | D:8      | Killed Prince Ribbit
  7053 | D:8      | Reached skill level 10 in Fighting
  7053 | D:8      | Reached skill level 15 in Axes
  7127 | D:8      | Found a staircase to the Lair.
  7651 | D:9      | Identified the +6 trident of Satyriasis {speed, rF+ rC+
                  | Stlth+}
  8156 | D:9      | Noticed a two-headed ogre
  8166 | D:9      | Killed a two-headed ogre
  8570 | D:10     | Entered Level 10 of the Dungeon
  8583 | D:10     | Noticed a skeletal warrior
  8590 | D:10     | HP: 2/94 [killer bee (5)]
  8594 | D:10     | Killed from afar by an orc wizard

Illustrated notes

Levels and vault maps discovered:
D:1:      dpeg_arrival_snail, layout_basic,
          shapermc_ecumenical_altar_totnotflames,
          hangedman_abyss_or_decor_stabs, st_stairs_5
D:2:      layout_rooms, serial_corexii_hall, corexii_hall_statues_i,
          chequers_hall_statues_y, uniq_sigmund
D:3:      layout_loops_cross, old_standard_altar, tgw_sif,
          gammafunk_ghost_split, minivault_23, minmay_surrounded, uniq_grinder,
          uniq_ijyb
D:4:      layout_cave_pools, elyvilon_altar_5, enter_ossuary_1,
          cheibrodos_sewer_entry_bend, chequers_serial_rivers_micro_e,
          kennysheep_dice, uniq_eustachio, uniq_natasha
D:5:      layout_basic, uniq_blork_the_orc
D:6:      layout_loops_corners, minmay_temple_entry_from_below_a,
          nrook_mini_vaults, kennysheep_decorative_pillar,
          minmay_misc_feat_doors
D:7:      layout_loops_corners, kennysheep_generic_room_10
D:8:      layout_loops_corners, lair_entry_dummy, uniq_prince_ribbit1
D:9:      layout_roguey
D:10:     minmay_blocky_corners, layout_rooms, kennysheep_crisscross

Skill      XL: |  1  2  3  4  5  6  7  8  9 10 |
---------------+-------------------------------+-----
Throwing       | 2 |  2.2
Fighting       | 4 5 6 7 9 10 | 10.7
Axes           | 6 8 9 12 14 15 | 15.9
Dodging        | |  2.7

Action                     |  1- 3 |  4- 6 |  7- 9 | 10-12 || total
---------------------------+-------+-------+-------+-------++-------
  Melee: War axe           |    71 |    32 |   222 |    54 ||   379
         Punch             |       |       |     7 |       ||     7
  Throw: Throwing net      |     1 |     1 |       |       ||     2
         Dart              |       |       |       |     1 ||     1
    Use: Scroll            |       |       |     6 |     4 ||    10
         Potion            |       |       |       |     3 ||     3
 Armour: Leather armour    |    15 |       |       |       ||    15
         Scale mail        |    16 |     8 |    65 |    20 ||   109
  Dodge: Dodged            |    51 |    14 |    76 |    55 ||   196
